 Dungeon Crawl Stone Soup version 0.28.0-43-g3370ac3207 (webtiles) character file.

Game seed: 10789988518179029952

156 protoss039 the Covered (level 5, -2/47 HPs)
             Began as a Minotaur Fighter on Mar 17, 2022.
             Killed by nerve-wracking pain
             ... invoked by Grinder
              (4 damage)
             ... on level 3 of the Dungeon.
             The game lasted 00:03:33 (2098 turns).

protoss039 the Covered (Minotaur Fighter)           Turns: 2098, Time: 00:03:34

Health: -2/47      AC:  7    Str: 23    XL:     5   Next: 14%
Magic:  4/4        EV:  9    Int:  5    God:
Gold:   130        SH:  4    Dex:  9    Spells: 4/4 levels left

rFire   . . .      SeeInvis .   a - +0 war axe
rCold   . . .      Faith    .   c - +0 buckler
rNeg    . . .      Spirit   .   b - +0 scale mail
rPois   .          Reflect  .   (helmet restricted)
rElec   .          Harm     .   (no cloak)
rCorr   .          Rampage  .   (no gloves)
Will    .....                   (no boots)
Stlth   ..........              (no amulet)
HPRegen 0.15/turn               (no ring)
MPRegen 0.09/turn               (no ring)

@: no status effects
A: horns 2, retaliatory headbutt
a: no special abilities


You were on level 3 of the Dungeon.
You visited 1 branch of the dungeon, and saw 3 of its levels.

You collected 130 gold pieces.

Inventory:

Hand Weapons
 a - a +0 war axe (weapon)
Armour
 b - a +0 scale mail (worn)
 c - a +0 buckler (worn)
Jewellery
 n - a ring of ice
Scrolls
 h - a scroll of noise {unknown}
 i - 3 scrolls of identify {unknown}
 j - a scroll of amnesia {unknown}
 m - a scroll of holy word {unknown}
 p - a scroll of fear {unknown}
 q - a scroll of teleportation {unknown}
Potions
 d - 3 potions of might
 e - a potion of haste {unknown}
 f - a potion of brilliance {unknown}
 g - a potion of mutation {unknown}
 k - a potion of curing
 l - 2 potions of flight {unknown}
 o - a potion of attraction {unknown}


   Skills:
 + Level 4.4 Fighting
 + Level 4.5 Axes
 + Level 4.9 Armour
 + Level 4.1 Shields


You had 4 spell levels left.
You didn't know any spells.
Your spell library contained the following spells:

 Spells                   Type           Power      Damage    Failure   Level
 Slow                     Hex            0%         N/A       86%         1
 Confusing Touch          Hex            0%         N/A       99%         3
 Vampiric Draining        Necr           0%         2d6       99%         3


Dungeon Overview and Level Annotations

Branches:
Dungeon (3/15)

Altars:

Shops:
D:2 [

Annotations:
D:3 Grinder


Innate Abilities, Weirdness & Mutations

You have a pair of horns on your head.
You reflexively headbutt those who attack you in melee.


Message History

Grinder gestures at you.
You suddenly lose the ability to move!
Grinder drinks a potion.
Grinder is healed!
Grinder gestures at you.
You shrug off the repeated paralysis!
Grinder hits you!
You writhe in agony.
You can move again.
You are too injured to fight recklessly!
Unknown command.
You are too injured to fight recklessly!
Unknown command.
You closely miss Grinder. Your headbutt misses Grinder.
Grinder is heavily wounded.
Grinder barely misses you. You furiously retaliate!
You headbutt Grinder.
Unknown command.
Unknown command.
You slash Grinder!
Grinder is almost dead.
Grinder gestures at you.
You barely resist.
Unknown command.
You closely miss Grinder.
Grinder is almost dead.
Grinder hits you.
You writhe in agony.
* * * LOW HITPOINT WARNING * * *
Grinder blinks!
Unknown command.
Unknown command.
Grinder gestures at you.
You suddenly lose the ability to move!
Grinder blinks!
Grinder gestures at you. Pain shoots through your body!
* * * LOW HITPOINT WARNING * * *
You can move again.
Unknown command.
Okay, then.
Grinder gestures at you. Pain shoots through your body!
You die...

#.........(#
#.########.#
#.# #(# #.#
#.#### #.#
#..... #.#
###### #.#
#####.#
#.@5..#
#.##### ##
#.# .... #.#
#### ... #
##.## # #.#
# #.# #.#


You could see Grinder.

Vanquished Creatures
  A centaur skeleton (D:3)
  4 gnolls (D:2)
  3 adders
  2 worms (D:2)
  A dart slug (D:2)
  An orc (D:3)
  8 ball pythons
  3 endoplasms
  2 giant cockroaches
  5 goblins
  A hobgoblin (D:2)
  5 quokkas
  7 bats
  2 frilled lizards
  6 kobolds
  7 rats
  2 toadstools (D:1)
60 creatures vanquished.

Vanquished Creatures (others)
  14 plants (D:2)
  2 toadstools (D:1)
16 creatures vanquished.

Grand Total: 76 creatures vanquished

Notes
Turn   | Place    | Note
-------+----------+-------------------------------------------
     0 | D:1      | protoss039 the Minotaur Fighter began the quest for the
                  | Orb.
     0 | D:1      | Reached XP level 1. HP: 19/19 MP: 0/0
   138 | D:1      | Reached XP level 2. HP: 27/27 MP: 1/1
   189 | D:1      | Found a faded altar of an unknown god.
   693 | D:2      | Reached XP level 3. HP: 21/33 MP: 2/2
   978 | D:2      | Found Utzer's Antique Armour Shoppe.
  1227 | D:2      | Reached XP level 4. HP: 15/40 MP: 3/3
  1876 | D:3      | Found the +6 Majin-Bo {vamp, MP+6 Int+6}
  1972 | D:3      | Reached XP level 5. HP: 45/47 MP: 4/4
  2076 | D:3      | Noticed Grinder
  2085 | D:3      | Paralysed by Grinder for 3 turns
  2091 | D:3      | Paralysed by Grinder for 7 turns
  2095 | D:3      | HP: 2/47 [Grinder/nerve-wracking pain (11)]
  2098 | D:3      | Killed from afar by Grinder

Illustrated notes

Levels and vault maps discovered:
D:1:      ldierk_water_garden, layout_rooms, hellmonk_ecumenical_altar_lost_god
D:2:      layout_loops_cross, serial_shops, shop, grunt_decor_mini_mirrors,
          serial_bayou_pond_c
D:3:      layout_loops_ring, uniq_grinder

Skill      XL: |  1  2  3  4 |
---------------+-------------+-----
Fighting       | 4 |  4.4
Armour         | 4 |  4.9
Shields        | 4 |  4.1
Axes           | 3 4 |  4.5

Action                   |  1- 3 |  4- 6 || total
-------------------------+-------+-------++-------
Melee: War axe           |    58 |    49 ||   107
       Headbutt          |     2 |     7 ||     9
Armor: Scale mail        |    35 |    18 ||    53
Dodge: Dodged            |    29 |    14 ||    43
Block: Buckler           |     8 |     9 ||    17
